 Dungeon Crawl Stone Soup version 0.32-a0-22-g6ae6769602 (webtiles) character file.

Game seed: 7071716387723140066

206 Descartes the Sneak (level 5, 0/25 HPs)
             Began as a Felid Shapeshifter on Jan 18, 2024.
             Was a Follower of Elyvilon.
             Slain by an iguana (5 damage)
             ... on level 4 of the Dungeon.
             The game lasted 00:03:41 (2850 turns).

Descartes the Sneak (Felid Shapeshifter)            Turns: 2850, Time: 00:03:42

Health: 0/25       AC:  1    Str: 12    XL:     5   Next: 53%
Magic:  6/6        EV: 18    Int: 14    God:    Elyvilon [*.....]
Gold:   208        SH:  0    Dex: 15    Spells: 4/4 levels left
                                        Lives:  0   Deaths: 2

rFire   . .          .
                       - Unarmed
rCold   . . .        (shield unavailable)
rNeg    . . .        (body armour unavailable)
rPois   .            (helmet unavailable)
rElec   .            (cloak unavailable)
rCorr   .            (gloves unavailable)
SInv    +            (boots unavailable)
Will    .....        (no amulet)
Stlth   +++          g - +4 ring of slaying
HPRegen 0.24/turn    (no ring)
MPRegen 0.10/turn

%: no passive effects
@: beast-form
A: beast (slay +1), very small, claws 1, fangs 3, see invisible, shaggy fur 1,
stealthy paws, no weapons or thrown items, no armour, multi-lived
a: Begin Untransformation, Renounce Religion, Purification


You were on level 4 of the Dungeon.
You worshipped Elyvilon.
Elyvilon was aware of your devotion.
You were a hulking beast.
You visited 1 branch of the dungeon, and saw 4 of its levels.

You collected 208 gold pieces.

Inventory:

Jewellery
 g - a +4 ring of slaying (left paw)
Talismans
 b - a beast talisman
 c - a flux talisman
Scrolls
 f - a scroll of brand weapon {unknown}
 i - 4 scrolls of identify {unknown}
 l - 2 scrolls of blinking {unknown}
 n - a scroll of immolation {unknown}
 o - a scroll of silence {unknown}
 p - a scroll of fear {unknown}
Potions
 a - a potion of lignification
 d - 3 potions of cancellation {unknown}
 e - 3 potions of berserk rage {unknown}
 h - 2 potions of resistance {unknown}
 j - 3 potions of curing {unknown}
 k - 5 potions of might {unknown}
 m - 2 potions of heal wounds {unknown}
 q - 2 potions of magic {unknown}


   Skills:
 - Level 1.0 Fighting
 + Level 4.1 Dodging
 * Level 4.6 Stealth
 + Level 3.8 Unarmed Combat
 * Level 3.4 Shapeshifting


You had 4 spell levels left.
You didn't know any spells.
Your spell library contained the following spells:

 Spells                   Type           Power      Damage    Failure   Level
 Magic Dart               Conj           0%         1d3       28%         1
 Blink                    Tloc           0%         N/A       41%         2
 Call Imp                 Summ           0%         N/A       41%         2
 Tukima's Dance           Hex            0%         N/A       65%         3
 Passage of Golubria      Tloc           0%         N/A       96%         4
 Yara's Violent Unravell  Hex/Alch       0%         3d3       100%        5


Dungeon Overview and Level Annotations

Branches:
Dungeon (4/15)
 Temple: D:4-7

Altars:
Ashenzari
Elyvilon
Uskayaw


Innate Abilities, Weirdness & Mutations

You are a hulking beast.
Your limbs bulge with bestial killing power. (Slay +1)
You have sharp claws.
You have razor-sharp teeth.
You have supernaturally acute eyesight. (SInv)
You are covered in fur. (AC +1)
Your paws help you pounce on unaware monsters.
You are incapable of wielding weapons or throwing items.
You cannot wear armour.
You gain extra lives every three experience levels.


Message History

Done exploring.
Done exploring.
You see here a jackal skeleton.
There is a stone staircase leading down here.
You climb downwards.
Found 5 poisoned darts.
Found a broken altar of Ashenzari.
There is a stone staircase leading up here.
The helpless scorpion fails to defend itself.
You mangle the scorpion!!
You kill the scorpion!
Your Dodging skill increases to level 4!
No target in view!
No target in view!
No target in view!
No target in view!
No target in view!
No target in view!
No target in view!
Found a war axe.
You see here a scorpion corpse.
Found a stone staircase leading down.
There is a stone staircase leading down here.
An iguana comes into view. 3 orcs come into view.
You claw the iguana!
The iguana is heavily wounded.
The iguana bites you!
You scratch the iguana but do no damage.
Your claw misses the iguana.
The iguana is heavily wounded.
The orc shouts! x2; You hear an angry hiss.
The iguana bites you!
Ouch! That really hurt!
* * * LOW HITPOINT WARNING * * *
An orc comes into view. It is wielding a +0 club.
The iguana attacks as it pursues you! The iguana closely misses you.
The iguana attacks as it pursues you! The iguana closely misses you.
The iguana attacks as it pursues you! The iguana closely misses you.
The iguana attacks as it pursues you! The iguana bites you.
You die...

#....###....######.#
.......†.(.......#.#
...........#####.#.#
####.......###.#.#.#
......<..........#.#
#############....#.#
.. )..#.# ###. #.#.#
?... #h#.#
#...###l#.#
#.#.......#
#...###o###
#...o...# #..o#####
#.#. .. #. ... .o


You could see an iguana and an orc.

Vanquished Creatures
  A scorpion (D:4)
  4 gnolls
  3 adders
  2 dart slugs
  8 bats
  6 endoplasms
  3 giant cockroaches
  5 goblins
  10 hobgoblins
  6 jackals
  A kobold (D:2)
  7 quokkas
  9 ball pythons
  6 frilled lizards
  2 rats
73 creatures vanquished.

Notes
Turn   | Place    | Note
-------+----------+-------------------------------------------
     0 | D:1      | Descartes the Felid Shapeshifter began the quest for the
                  | Orb.
     0 | D:1      | Reached XP level 1. HP: 10/10 MP: 2/2
   129 | D:1      | Reached skill level 1 in Stealth
   172 | D:1      | Reached XP level 2. HP: 14/14 MP: 3/3
   573 | D:1      | Reached XP level 3. HP: 12/18 MP: 4/4
   950 | D:2      | Slain by a gnoll
   950 | D:2      | Lost a life (0 lives remaining)
   952 | D:2      | Identified the +0 pair of boots of Imperfection {rC+
                  | Regen+}
  1331 | D:1      | Reached XP level 4. HP: 10/22 MP: 5/5
  1331 | D:1      | Gained a life (1 life remaining)
  1404 | D:2      | Slain by a gnoll
  1404 | D:2      | Lost a life (0 lives remaining)
  2043 | D:3      | Found a hide-covered altar of Uskayaw.
  2305 | D:3      | Reached XP level 5. HP: 24/25 MP: 6/6
  2311 | D:3      | Found a faded altar of an unknown god.
  2350 | D:3      | Prayed at the altar of an unknown god.
  2350 | D:3      | Became a worshipper of Elyvilon the Healer
  2350 | D:3      | Reached * piety under Elyvilon
  2809 | D:4      | Found a broken altar of Ashenzari.
  2850 | D:4      | Slain by an iguana

Illustrated notes

Levels and vault maps discovered:
D:1:      minmay_arrival_open_corners, layout_loops_corners, minmay_pentomino_w4
D:2:      minmay_door_path, layout_rooms
D:3:      layout_basic, mainiacjoe_overflow_concentric_impassable,
          hellmonk_ecumenical_altar_slurped_away
D:4:      layout_basic, mainiacjoe_overflow_cross_hatched,
          ashenzari_conservatory_becter, zin_purify

Skill      XL: |  1  2  3  4  5 |
---------------+----------------+-----
Stealth        | 1 2 3 4 |  4.6
Dodging        | 3 4 |  4.1
Shapeshifting  | 3 |  3.4
Fighting       | |  1.0
Unarmed Combat | |  3.8

Action                     |  1- 3 |  4- 6 || total
---------------------------+-------+-------++-------
  Melee: Unarmed           |    84 |    63 ||   147
         Bite              |     4 |     3 ||     7
   Stab: Sleeping          |     7 |     9 ||    16
 Armour: Skin              |    31 |    19 ||    50
  Dodge: Dodged            |    92 |    49 ||   141

Table legend: (Time is in decaauts)
 A = Elapsed time spent in this place.
 B = Non-inter-level travel time spent in this place.
 C = Inter-level travel time spent in this place.
 D = Time resting spent in this place.
 E = Time spent auto-exploring this place.
 F = Levels seen in this place.
 G = Mean time per level.
                   A        B        C        D        E       F      G
               +--------+--------+--------+--------+--------+-----+--------+
         Total |   2843 |   2699 |    144 |      0 |   2207 |   4 |  710.8 |
       Dungeon |   2843 |   2699 |    144 |      0 |   2207 |   4 |  710.8 |
               +--------+--------+--------+--------+--------+-----+--------+

Top non-repeatable levels by time:
     D:1: 1169 daAuts
     D:3: 987 daAuts
     D:2: 645 daAuts
     D:4: 40 daAuts
